 Dungeon Crawl Stone Soup version 0.28.0-45-g0d030f2227 (webtiles) character file.

Game seed: 17757014079577195072

872 Iusername the Covered (level 7, -3/67 HPs)
             Began as a Minotaur Fighter on Apr 5, 2022.
             Was a Priest of Jiyva.
             Slain by a yak (4 damage)
             ... on level 5 of the Dungeon.
             The game lasted 00:16:25 (4640 turns).

Iusername the Covered (Minotaur Fighter)            Turns: 4640, Time: 00:16:25

Health: -3/67      AC: 11    Str: 23    XL:     7   Next: 74%
Magic:  6/6        EV: 10    Int:  2    God:    Jiyva [***...]
Gold:   151        SH:  5    Dex: 15    Spells: 6/6 levels left

rFire   x . .      SeeInvis .   u - +4 trident (protect)
rCold   . . .      Faith    .   c - +0 buckler
rNeg    . . .      Spirit   .   b - +0 scale mail
rPois   +          Reflect  .   (helmet restricted)
rElec   +          Harm     .   v - +2 cloak "Coic" {rElec rPois rF-}
rCorr   +          Rampage  .   (no gloves)
Will    ++...      Rage     50% (no boots)
Stlth   ..........              o - necklace of Bloodlust {*Rage Will++ Int-3 Slay+6}
HPRegen 1.33/turn               s - +6 ring of dexterity
MPRegen 0.45/turn               (no ring)

@: on berserk cooldown, slowed, very slow
A: horns 2, retaliatory headbutt, sense surroundings 3, robust 1
a: Renounce Religion, Oozemancy


You were on level 5 of the Dungeon.
You worshipped Jiyva.
Jiyva was most pleased with you.
You visited 1 branch of the dungeon, and saw 5 of its levels.

You collected 151 gold pieces.

Inventory:

Hand Weapons
 a - a +0 trident
 m - a +2 dagger of flaming
 n - a +0 hand axe
 u - a +4 trident of protection (weapon)
Armour
 b - a +0 scale mail (worn)
 c - a +0 buckler (worn)
 v - the +2 cloak "Coic" (worn) {rElec rPois rF-}
   (You found it on level 5 of the Dungeon)

   rF:        It makes you vulnerable to fire.
   rElec:     It insulates you from electricity.
   rPois:     It protects you from poison.
Jewellery
 o - the necklace of Bloodlust (around neck) {*Rage Will++ Int-3 Slay+6}
   (You found it on level 3 of the Dungeon)

   [amulet of nothing]

   It extends the wearer's berserk rage when killing foes.
   Int:       It affects your intelligence (-3).
   Slay:      It affects your accuracy & damage with ranged weapons and melee
   (+6).
   *Rage:     It berserks you when you make melee attacks (+50% chance).
   Will:      It greatly increases your willpower.
 s - a +6 ring of dexterity (left hand)
Scrolls
 k - a scroll of identify {unknown}
 l - a scroll of fear {unknown}
 p - a scroll of enchant weapon {unknown}
 q - a scroll of blinking {unknown}
 r - a scroll of amnesia
Potions
 e - 2 potions of berserk rage {unknown}
 f - a potion of resistance {unknown}
 g - a potion of heal wounds {unknown}
 h - 2 potions of mutation {unknown}
 i - a potion of haste {unknown}
 j - a potion of degeneration {unknown}
 t - a potion of cancellation {unknown}


   Skills:
 + Level 5.2 Fighting
 + Level 3.3 Short Blades
 + Level 4.8 Polearms
 + Level 7.4 Armour
 + Level 2.0 Dodging
 + Level 1.0 Stealth
 + Level 4.7 Shields


You had 6 spell levels left.
You didn't know any spells.
Your spell library was empty.

Dungeon Overview and Level Annotations

Branches:
Dungeon (5/15)             Temple (0/1) D:5

Altars:
Ashenzari
Cheibriados
Qazlal
Ru
Trog
Uskayaw
Wu Jian
Jiyva


Innate Abilities, Weirdness & Mutations

You have a pair of horns on your head.
You reflexively headbutt those who attack you in melee.
You passively map a large area around you.
You are robust. (+10% HP)


Message History

The yak barely misses you. The yak gores you. The yak barely misses you.
The yak gores you.
You puncture the yak!
The yak is almost dead.
The yak misses you. You block the yak's attack. The yak gores you.
The yak gores you but does no damage. The yak closely misses you.
You furiously retaliate!
You headbutt the yak.
You kill the yak!
The yak closely misses you. You furiously retaliate!
You headbutt the yak! The yak barely misses you. You furiously retaliate!
You headbutt the yak!
Your Armour skill increases to level 7!
Your Dodging skill increases to level 2!
You puncture the yak! You headbutt the yak!
The yak is almost dead.
The yak gores you but does no damage. The yak closely misses you.
The yak gores you but does no damage. x2; The yak gores you.
The yak barely misses you. The yak misses you.
The yak gores you but does no damage.
You hit the yak.
The yak is almost dead.
You block the yak's attack. The yak gores you but does no damage.
The yak barely misses you. The yak gores you.
The yak gores you but does no damage. The yak closely misses you.
The yak gores you! The yak gores you. x2
* * * LOW HITPOINT WARNING * * *
The yak gores you.
* * * LOW HITPOINT WARNING * * *
The yak closely misses you. The yak gores you.
* * * LOW HITPOINT WARNING * * *
The yak misses you. The yak gores you!
* * * LOW HITPOINT WARNING * * *
The yak gores you.
* * * LOW HITPOINT WARNING * * *
You block the yak's attack.
You feel better. The yak gores you!
* * * LOW HITPOINT WARNING * * *
The yak gores you.
You die...

,** *
................≈≈≈≈≈ ,
,^.,*
###.#...##..###.≈≈.≈≈ **
..## #.#.####..# #.≈≈†≈≈
, ....####.#.# #..#
#..≈≈≈# ** , , #........#
#..# #..#_#. * ,
#........# #..#*#..###. ,
,
#...†...#####........*#.
*, ,
##.....YYY.........#.#* #
*
,,........Y@.......####.#
# #######........... ..#
# #...........* ###
#........##. * #........#
, ,, #........#*,, ,
#........#* , *
#...J..>.# , #
#........#*, , #


You could see 4 yaks and a neutral jelly (wandering)(fellow slime).

Vanquished Creatures
  A yak (D:5)
  A sky beast (D:5)
  A black bear (D:5)
  A water moccasin zombie (D:5)
  2 scorpions
  A howler monkey (D:5)
  A hound (D:5)
  A bullfrog zombie (D:4)
  Natasha (twice) (D:2)
  An orc wizard (D:4)
  5 gnolls
  3 adders
  An ufetubus (D:4)
  An adder skeleton (D:4)
  3 worms
  2 dart slugs
  8 orcs
  5 bats
  4 endoplasms
  4 giant cockroaches
  7 goblins
  7 hobgoblins
  7 jackals (D:2)
  3 quokkas
  11 ball pythons
  4 frilled lizards
  5 kobolds
  2 rats
94 creatures vanquished.

Vanquished Creatures (others)
  The ghost of mortz the Conjurer, an amateur DECj (D:3)
  A water moccasin skeleton (D:5)
  An orc priest (D:5)
  5 jellies
  A hound skeleton (D:4)
  6 gnolls (D:4)
  An adder skeleton (D:4)
  2 ball pythons
  2 endoplasms (D:4)
  2 hobgoblins (D:3)
  2 kobolds (D:4)
24 creatures vanquished.

Grand Total: 118 creatures vanquished

Notes
Turn   | Place    | Note
-------+----------+-------------------------------------------
     0 | D:1      | Iusername the Minotaur Fighter began the quest for the Orb.
     0 | D:1      | Reached XP level 1. HP: 19/19 MP: 0/0
    51 | D:1      | Noticed a troll
   194 | D:1      | Reached skill level 4 in Armour
   194 | D:1      | Reached XP level 2. HP: 26/27 MP: 1/1
   813 | D:1      | Reached XP level 3. HP: 33/33 MP: 2/2
  1396 | D:2      | Reached XP level 4. HP: 21/41 MP: 3/3
  1862 | D:2      | Noticed Natasha
  1871 | D:2      | Killed Natasha
  2131 | D:2      | Reached XP level 5. HP: 39/47 MP: 4/4
  2294 | D:2      | Found a faded altar of an unknown god.
  2394 | D:2      | Prayed at the altar of an unknown god.
  2394 | D:2      | Became a worshipper of Jiyva Jexobrew the Shapeless
  2394 | D:2      | Reached * piety under Jiyva
  2434 | D:2      | Noticed Natasha
  2441 | D:2      | Killed Natasha
  2568 | D:3      | Found a large runed translucent door.
  2568 | D:3      | Found a large runed translucent door.
  2614 | D:3      | Found a bloodstained altar of Trog.
  2762 | D:3      | Found the necklace of Bloodlust {*Rage Will++ Int-3 Slay+6}
  2765 | D:3      | Reached skill level 1 in Short Blades
  2768 | D:3      | Found a sacrificial altar of Ru.
  2829 | D:3      | Found a broken altar of Ashenzari.
  2839 | D:3      | Found an ornate altar of the Wu Jian Council.
  2840 | D:3      | Reached ** piety under Jiyva
  3125 | D:3      | Reached skill level 5 in Armour
  3276 | D:3      | Noticed mortz's ghost (amateur DECj)
  3409 | D:3      | Killed mortz's ghost
  3410 | D:3      | Reached XP level 6. HP: 53/53 MP: 5/5
  3609 | D:4      | Found a hide-covered altar of Uskayaw.
  3686 | D:4      | Reached skill level 1 in Dodging
  3956 | D:4      | Reached *** piety under Jiyva
  4061 | D:4      | Found a stormy altar of Qazlal.
  4272 | D:5      | Entered Level 5 of the Dungeon
  4335 | D:5      | Found a snail-covered altar of Cheibriados.
  4394 | D:5      | Gained mutation: You passively map a small area around you.
                  | [Jiyva's grace]
  4394 | D:5      | Gained mutation: You passively map the area around you.
                  | [Jiyva's grace]
  4394 | D:5      | Gained mutation: You passively map a large area around you.
                  | [Jiyva's grace]
  4394 | D:5      | Gained mutation: You are robust. (+10% HP) [Jiyva's grace]
  4486 | D:5      | Reached skill level 6 in Armour
  4490 | D:5      | Noticed a sky beast
  4497 | D:5      | Killed a sky beast
  4498 | D:5      | Reached skill level 5 in Fighting
  4498 | D:5      | Reached XP level 7. HP: 49/67 MP: 6/6
  4501 | D:5      | Reached skill level 1 in Stealth
  4561 | D:5      | Found a staircase to the Ecumenical Temple.
  4576 | D:5      | Identified the +2 cloak "Coic" {rElec rPois rF-}
  4622 | D:5      | Noticed a yak
  4623 | D:5      | Noticed a yak
  4625 | D:5      | Noticed a yak
  4625 | D:5      | Noticed a yak
  4626 | D:5      | Noticed a yak
  4633 | D:5      | Killed a yak
  4634 | D:5      | Reached skill level 7 in Armour
  4639 | D:5      | HP: 1/67 [yak (3)]
  4640 | D:5      | Slain by a yak

Illustrated notes

Levels and vault maps discovered:
D:1:      erik_arrival_cave_to_civilisation [erik_arrival_cave_to_temple],
          layout_basic, minmay_cupped
D:2:      layout_rooms, ebering_ecumenical_altar_hall, uniq_natasha
D:3:      layout_loops_corners, mainiacjoe_overflow_cross_hatched,
          lemuel_coloured_pillars_altar,
          mainiacjoe_overflow_concentric_impassable,
          ashenzari_conservatory_becter, ebering_ghost_disaster_area
D:4:      layout_loops_ring, marbit_many_paths, lemuel_tele_altar, minivault_4,
          kennysheep_boxes
D:5:      layout_basic, nemelex_xobeh_ov_fountains_minmay,
          kennysheep_slug_shrine, minmay_temple_entry_sparse_star,
          ebering_ghost_sewer_d, minmay_misc_feat_room

Skill      XL: |  1  2  3  4  5  6  7 |
---------------+----------------------+-----
Armour         | 4 5 6 7 |  7.4
Fighting       | 4 5 |  5.2
Polearms       | 3 4 |  4.8
Short Blades   | 2 3 |  3.3
Shields        | 4 |  4.7
Dodging        | 1 2 |  2.0
Stealth        | 1 |  1.0

Action                   |  1- 3 |  4- 6 |  7- 9 || total
-------------------------+-------+-------+-------++-------
Melee: Trident           |    59 |    15 |    10 ||    84
       Headbutt          |     7 |    14 |     8 ||    29
       Dagger            |       |    86 |    10 ||    96
  Use: Potion            |     1 |     1 |     1 ||     3
       Scroll            |       |     5 |       ||     5
Armor: Scale mail        |    41 |    47 |    22 ||   110
Dodge: Dodged            |    42 |    57 |    22 ||   121
Block: Buckler           |    13 |    30 |     9 ||    52
